 Dungeon Crawl Stone Soup version 0.29-a0-72-g1732ff48e7 (webtiles) character file.

Game seed: 16252574295166951897

142 Papayamessiah the Covered (level 5, -1/46 HPs)
             Began as a Minotaur Fighter on Feb 4, 2022.
             Succumbed to Sigmund's poison
             ... on level 2 of the Dungeon.
             The game lasted 00:09:13 (1279 turns).

Papayamessiah the Covered (Minotaur Fighter)        Turns: 1279, Time: 00:09:14

Health: -1/46      AC:  7    Str: 22    XL:     5   Next: 4%
Magic:  4/4        EV: 10    Int:  5    God:
Gold:   28         SH:  0    Dex: 10    Spells: 4/4 levels left

rFire   . . .      SeeInvis .   a - +0 war axe
rCold   . . .      Faith    .   c - +0 buckler
rNeg    . . .      Spirit   .   b - +0 scale mail
rPois   .          Reflect  .   (helmet restricted)
rElec   .          Harm     .   (no cloak)
rCorr   .          Rampage  .   (no gloves)
Will    .....                   (no boots)
Stlth   ..........              (no amulet)
HPRegen 0.15/turn               (no ring)
MPRegen 0.09/turn               (no ring)

@: confused, lethally poisoned (-1 -> -18)
A: horns 2, retaliatory headbutt
a: no special abilities


You were on level 2 of the Dungeon.
You visited 1 branch of the dungeon, and saw 2 of its levels.

You collected 28 gold pieces.

Inventory:

Hand Weapons
 a - a +0 war axe (weapon)
 m - a +0 short sword
Missiles
 e - 37 stones (quivered)
 k - 6 poisoned darts
 n - 3 atropa-tipped darts
Armour
 b - a +0 scale mail (worn)
 c - a +0 buckler (worn)
Wands
 i - a wand of charming (10)
Scrolls
 h - a scroll of immolation {unknown}
 l - a scroll of identify {unknown}
Potions
 d - 2 potions of might
 f - 2 potions of attraction {unknown}
 g - 2 potions of curing {unknown}
 j - a potion of magic {unknown}


   Skills:
 + Level 4.3 Fighting
 + Level 3.8 Axes
 + Level 5.1 Armour
 + Level 1.7 Dodging
 + Level 0.1 Stealth
 + Level 3.9 Shields


You had 4 spell levels left.
You didn't know any spells.
Your spell library was empty.

Dungeon Overview and Level Annotations

Branches:
Dungeon (2/15)

Altars:

Annotations:
D:2 Sigmund


Innate Abilities, Weirdness & Mutations

You have a pair of horns on your head.
You reflexively headbutt those who attack you in melee.


Message History

Sigmund screams, "Die, monster!"
A giant cockroach comes into view.
A kobold comes into view. It is wielding a +0 club.
The kobold shouts!
You see here a +0 dagger.
Sigmund points at you and mumbles some strange words.
You resist with some effort.
A rat comes into view.
You see here a +0 dagger.
The worm bites you.
You hit the worm.
The worm is moderately wounded.
Sigmund points at you and mumbles some strange words.
You are confused.
A hobgoblin comes into view.
The hobgoblin shouts!
Sigmund misses you. The kobold hits you but does no damage.
You see here a +0 dagger.
You bump into the rock wall.
The kobold hits you but does no damage. The worm bites you.
* * * LOW HITPOINT WARNING * * *
You're too confused to move!
Sigmund barely misses you. The kobold barely misses you.
You bump into the rock wall.
The giant cockroach closely misses you.
Sigmund mumbles some strange words.
Sigmund flickers and vanishes!
Deactivating autopickup; reactivate with Ctrl-A.
The kobold barely misses you. The worm bites you but does no damage.
You closely miss the giant cockroach. You slash the rat!
You kill the rat!
You slash the kobold!
You kill the kobold!
You closely miss the worm.
The giant cockroach bites you but does no damage.
Something hits you!
* * * LOW HITPOINT WARNING * * *
You are lethally poisoned!
The giant cockroach bites you but does no damage.
Unknown command.
You die...

.. ... . .... #B #....
. #... . #. ##...#
#...#.###..#.# #...
....#...#g...# ...
#.....#{@)# ..# ##
#.##....B)# #..#...
##.##...#.w# .......
.....#..#)†# ##...(#
...........###.....#
............$.<...#
...........##.#..#....
......#....!..#....# .
........†.#..##......?


You could see a worm, a giant cockroach and a hobgoblin.

Vanquished Creatures
  An ogre (D:2)
  Jessica (D:2)
  A dart slug (D:2)
  3 endoplasms
  2 goblins
  4 hobgoblins (D:1)
  2 jackals (D:1)
  5 kobolds
  A quokka (D:2)
  5 ball pythons
  3 bats (D:1)
  2 frilled lizards
  2 rats
32 creatures vanquished.

Notes
Turn   | Place    | Note
-------+----------+-------------------------------------------
     0 | D:1      | Papayamessiah the Minotaur Fighter began the quest for the
                  | Orb.
     0 | D:1      | Reached XP level 1. HP: 19/19 MP: 0/0
   355 | D:1      | Reached XP level 2. HP: 25/27 MP: 1/1
  1107 | D:2      | Noticed Jessica
  1107 | D:2      | Noticed an ogre
  1225 | D:2      | Killed Jessica
  1226 | D:2      | Reached skill level 4 in Armour
  1226 | D:2      | Reached skill level 1 in Dodging
  1226 | D:2      | Reached XP level 3. HP: 29/33 MP: 2/2
  1244 | D:2      | Killed an ogre
  1245 | D:2      | Reached skill level 5 in Armour
  1245 | D:2      | Reached XP level 4. HP: 13/40 MP: 3/3
  1245 | D:2      | Reached XP level 5. HP: 15/46 MP: 4/4
  1266 | D:2      | Noticed Sigmund
  1279 | D:2      | Succumbed to Sigmund's poison

Illustrated notes

Levels and vault maps discovered:
D:1:      lemuel_arrival_room, layout_loops_ring, minivault_5
D:2:      layout_rooms, shapermc_ecumenical_altar_hornbeckon, uniq_sigmund,
          uniq_jessica

Skill      XL: |  1  2  3 |
---------------+----------+-----
Fighting       | 4 |  4.3
Armour         | 4 5 |  5.1
Dodging        | 1 |  1.7
Axes           | 3 |  3.8
Stealth        | |  0.1
Shields        | |  3.9

Action                   |  1- 3 |  4- 6 || total
-------------------------+-------+-------++-------
Melee: War axe           |    55 |     4 ||    59
       Headbutt          |    10 |       ||    10
Armor: Scale mail        |    34 |     5 ||    39
Dodge: Dodged            |    37 |     5 ||    42
Block: Buckler           |    22 |       ||    22

Table legend: (Time is in decaauts)
 A = Elapsed time spent in this place.
 B = Non-inter-level travel time spent in this place.
 C = Inter-level travel time spent in this place.
 D = Time resting spent in this place.
 E = Time spent auto-exploring this place.
 F = Levels seen in this place.
 G = Mean time per level.
                   A        B        C        D        E       F      G
               +--------+--------+--------+--------+--------+-----+--------+
         Total |   1303 |   1299 |      4 |      0 |    474 |   2 |  651.5 |
       Dungeon |   1303 |   1299 |      4 |      0 |    474 |   2 |  651.5 |
               +--------+--------+--------+--------+--------+-----+--------+

Top non-repeatable levels by time:
     D:1: 1238 daAuts
     D:2: 65 daAuts
